 Dungeon Crawl Stone Soup version 0.27-a0-249-g74f53ef629 (webtiles) character file.

Game seed: 14514120385460956874

15271 sahdkjhfkaj the Transmogrifier (level 12, 0/68 HPs)
             Began as a Tengu Conjurer on Feb 3, 2021.
             Was a High Priest of Sif Muna.
             Slain by an eight-headed hydra (5 damage)
             ... on level 3 of the Lair of Beasts.
             The game lasted 00:25:44 (21140 turns).

sahdkjhfkaj the Transmogrifier (Tengu Conjurer)    Turns: 21140, Time: 00:25:45

Health: 0/68       AC:  9    Str:  7    XL:     12   Next: 25%
Magic:  16/29      EV: 22    Int: 23    God:    Sif Muna [*****.]
Gold:   669        SH:  0    Dex: 14    Spells: 7/21 levels left

rFire    . . .     SeeInvis .   a - +0 rapier (drain)
rCold    . . .     Faith    .   (no shield)
rNeg     . . .     Spirit   .   L - +0 troll leather armour
rPois    +         Reflect  .   (helmet restricted)
rElec    .         Harm     .   A - +2 cloak {rPois}
rCorr    .         Rampage  .   g - +1 pair of gloves
Will     .....                  (boots unavailable)
Stlth    ++........             P - amulet of the acrobat
HPRegen  0.61/turn              r - ring of magical power
MPRegen  0.21/turn              J - +4 ring of evasion

@: flying quickly and evasively, quick
A: beak, talons 3, able to fly
a: Stop Flying, Renounce Religion, Channel Magic, Forget Spell, Divine Exegesis


You were on level 3 of the Lair of Beasts.
You worshipped Sif Muna.
Sif Muna was extremely pleased with you.
You visited 3 branches of the dungeon, and saw 14 of its levels.

You collected 669 gold pieces.

Inventory:

Hand Weapons
 a - a +0 rapier of draining (weapon)
Missiles
 b - 4 curare-tipped darts
 D - 12 javelins
Armour
 g - a +1 pair of gloves (worn)
 A - a +2 cloak of poison resistance (worn)
 L - a +0 troll leather armour (worn)
Jewellery
 i - a +6 ring of intelligence
 k - an uncursed ring of see invisible
 r - a ring of magical power (left hand)
 I - an uncursed ring of wizardry
 J - a +4 ring of evasion (right hand)
 P - an amulet of the acrobat (around neck)
Wands
 w - a wand of polymorph (19)
 B - a wand of acid (24)
 G - a wand of paralysis (17)
 H - a wand of mindburst (4)
Scrolls
 c - 2 scrolls of enchant armour
 f - a scroll of identify
 h - 4 scrolls of magic mapping
 j - a scroll of holy word {unknown}
 n - a scroll of blinking
 o - 3 scrolls of immolation
 q - 6 scrolls of amnesia
 u - 3 scrolls of teleportation
 v - 2 scrolls of enchant weapon
 y - a scroll of silence {!r}
 F - 3 scrolls of remove curse
Potions
 d - 4 potions of curing
 e - 2 potions of cancellation
 l - 2 potions of might
 m - 7 potions of ambrosia
 p - a potion of brilliance
 s - 2 potions of lignification
 t - 2 potions of magic
 x - 2 potions of resistance
 z - 2 potions of attraction
 C - 4 potions of heal wounds
 E - a potion of berserk rage
 M - a potion of mutation {unknown}


   Skills:
 - Level 5.0 Fighting
 - Level 7.0 Dodging
 - Level 2.0 Stealth
 - Level 5.1 Spellcasting
 - Level 8.7 Conjurations
 + Level 2.5 Hexes
 - Level 10.0 Transmutations
 - Level 3.8 Fire Magic
 - Level 8.0 Invocations
 - Level 5.0 Evocations


You had 7 spell levels left.
You knew the following spells:

 Your Spells              Type           Power        Failure   Level
a - Magic Dart            Conj           100%         1%          1
b - Searing Ray           Conj           90%          1%          2
e - Fulminant Prism       Conj/Hex       15%          14%         4
A - Blade Hands           Tmut           25%          6%          5
T - Wereblood             Tmut           51%          1%          2

Your spell library contained the following spells:

 Spells                   Type           Power        Failure   Level
 Beastly Appendage        Tmut           100%         1%          1
 Passwall                 Tmut/Erth      23%          2%          2
 Corona                   Hex            18%          4%          1
 Dazzling Flash           Conj/Hex       62%          4%          3
 Spider Form              Tmut/Pois      14%          5%          3
 Stone Arrow              Conj/Erth      50%          7%          3
 Slow                     Hex            17%          8%          2
 Inner Flame              Hex/Fire       20%          12%         3
 Ensorcelled Hibernation  Hex/Ice        22%          13%         2
 Freeze                   Ice            20%          14%         1
 Sandblast                Erth           10%          14%         1
 Confusing Touch          Hex            17%          14%         3
 Tukima's Dance           Hex            17%          14%         3
 Ice Form                 Ice/Tmut       28%          19%         4
 Petrify                  Tmut/Erth      28%          19%         4
 Hailstorm                Conj/Ice       25%          24%         4
 Iskenderun's Mystic Bla  Conj/Tloc      25%          24%         4
 Portal Projectile        Hex/Tloc       22%          26%         3
 Frozen Ramparts          Ice            10%          38%         3
 Ozocubu's Armour         Ice            5%           38%         3
 Cause Fear               Hex            8%           43%         4
 Leda's Liquefaction      Hex/Erth       5%           63%         4
 Summon Ice Beast         Ice/Summ       5%           80%         4
 Lee's Rapid Deconstruct  Erth           2%           98%         5


Dungeon Overview and Level Annotations

Branches:
Dungeon (10/15)            Temple (1/1) D:4            Lair (3/6) D:8
  Snake (0/4) Lair:2
  Swamp: Lair:2-4    Shoals: Lair:2-4       Orc: D:9-12

Altars:
Ashenzari
Cheibriados
Dithmenos
Elyvilon
Fedhas
Gozag
Hepliaklqana
Kikubaaqudgha
Makhleb
Nemelex Xobeh
Okawaru
Qazlal
Ru
Sif Muna
Trog
Uskayaw
Vehumet
Wu Jian
Xom
Yredelemnul
Zin
The Shining One

Shops:
D:8 =   D:10 [}

Annotations:
D:9 2 transporters, canine's ghost, novice PaMo
D:10 1 runed translucent door
Lair:2 exclusion: boulder beetle


Innate Abilities, Weirdness & Mutations

You have a beak for a mouth.
You have claws for feet.
You can fly continuously.


Message History

Unknown command.
Casting: Searing Ray (safe; 1% risk of failure)
Confirm with . or Enter, or press ? or * to list all spells.
Aiming: Searing Ray (safe; 1% risk of failure)
Press: ? - help, Shift-Dir - straight line, f/p - eight-headed hydra
Aim: an eight-headed hydra (almost dead, 6% to evade)
The searing ray hits the eight-headed hydra!
The eight-headed hydra is almost dead. (Press . to maintain the ray.)
The eight-headed hydra bites you!
* * * LOW HITPOINT WARNING * * *
The eight-headed hydra misses you. The eight-headed hydra bites you!
* * * LOW HITPOINT WARNING * * *
The eight-headed hydra closely misses you.
The eight-headed hydra completely misses you.
The eight-headed hydra misses you. The eight-headed hydra misses you.
The eight-headed hydra bites you.
You die...

## #.#
####.#####
#.@.....(.
#.D.....#.
######........
#..#.#.#.#.#.#
# #...........
#..#.#.#.#.#.#
##.?........<.
#.#.#.#.#.#.#
#?###........


You could see an eight-headed hydra.

Vanquished Creatures
  A boulder beetle (Lair:2)
  A two-headed ogre (D:10)
  A black mamba (Lair:2)
  A gargoyle (D:10)
  7 cane toads
  A centaur skeleton (D:10)
  A kobold demonologist (D:10)
  A komodo dragon (Lair:1)
  A rime drake (Lair:1)
  A queen bee (Lair:1)
  2 polar bears (D:10)
  A troll (D:10)
  A shadow (D:10)
  A wyvern (D:8)
  8 yaks
  A steam dragon (Lair:2)
  2 basilisks
  4 nagas (Lair:2)
  2 wargs (D:8)
  5 water moccasins
  4 sky beasts
  A black bear (Lair:1)
  3 orc warriors
  An eye of draining (D:10)
  3 ice beasts
  2 ogres (D:9)
  4 centaurs
  12 bullfrogs
  7 big kobolds (D:10)
  A gnoll sergeant (D:7)
  3 scorpions
  19 killer bees (Lair:1)
  19 wights
  2 howler monkeys (D:7)
  5 electric eels (D:9)
  2 jellies
  2 bullfrog zombies
  3 bullfrog skeletons
  3 hounds
  10 orc priests
  Crazy Yiuf (D:4)
  Ijyb (D:4)
  3 iguanas
  7 orc wizards
  7 worker ants
  A killer bee zombie (D:9)
  A hound zombie (D:9)
  6 gnolls
  A howler monkey skeleton (D:6)
  13 adders
  4 shadow imps
  7 white imps
  A worker ant simulacrum (D:10)
  5 ufetubi
  An ooze (D:4)
  An adder skeleton (D:10)
  3 worms
  3 dart slugs
  8 leopard geckos
  43 orcs
  7 giant cockroaches
  6 hobgoblins
  10 jackals
  9 quokkas
  2 ball pythons
  5 bats
  4 frilled lizards (D:1)
  A giant cockroach zombie (D:5)
  12 goblins
  A jackal skeleton (D:4)
  43 kobolds
  8 kobold skeletons (D:10)
  10 kobold zombies (D:10)
  A leopard gecko skeleton (D:8)
  3 rats
388 creatures vanquished.

Vanquished Creatures (others)
  A centaur (D:5)
  A scorpion (D:5)
  A hound (D:5)
  An adder (D:5)
  An adder skeleton (D:5)
  An orc (D:5)
  9 fulminant prisms
  8 fungi
  9 plants (Lair:2)
32 creatures vanquished.

Grand Total: 420 creatures vanquished

Notes
Turn   | Place    | Note
-------+----------+-------------------------------------------
     0 | D:1      | sahdkjhfkaj the Tengu Conjurer began the quest for the Orb.
     0 | D:1      | Reached XP level 1. HP: 10/10 MP: 4/4
   210 | D:1      | Reached XP level 2. HP: 15/15 MP: 3/6
   243 | D:1      | Learned a level 2 spell: Searing Ray
   729 | D:1      | Reached XP level 3. HP: 19/19 MP: 4/7
  1923 | D:2      | Reached XP level 4. HP: 24/24 MP: 5/8
  2771 | D:2      | Found an iron altar of Okawaru.
  3257 | D:3      | Gained mutation: You can fly continuously. [Tengu growth]
  3257 | D:3      | Reached XP level 5. HP: 28/28 MP: 9/11
  3523 | D:3      | Found a blossoming altar of Fedhas.
  4113 | D:4      | Noticed Ijyb
  4132 | D:4      | Killed Ijyb
  4133 | D:4      | Reached XP level 6. HP: 27/32 MP: 14/14
  4228 | D:4      | Found a bloodstained altar of Trog.
  4309 | D:4      | Reached skill level 5 in Spellcasting
  4482 | D:4      | Reached skill level 1 in Evocations
  4595 | D:4      | Found a runed translucent door.
  4596 | D:4      | Noticed Crazy Yiuf
  4926 | D:4      | Found a staircase to the Ecumenical Temple.
  5069 | Temple   | Entered the Ecumenical Temple
  5291 | Temple   | Became a worshipper of Sif Muna the Loreminder
  5521 | D:4      | Reached XP level 7. HP: 29/36 MP: 15/15
  5595 | D:4      | Reached skill level 1 in Invocations
  5670 | D:4      | Found a glowing silver altar of Zin.
  5943 | D:4      | Killed Crazy Yiuf
  6101 | D:5      | Entered Level 5 of the Dungeon
  6463 | D:5      | Found a shimmering altar of Xom.
  7004 | D:5      | Found a sparkling altar of Nemelex Xobeh.
  7005 | D:5      | Found a burning altar of Makhleb.
  7108 | D:5      | Reached * piety under Sif Muna
  7111 | D:5      | Reached XP level 8. HP: 18/41 MP: 12/16
  7623 | D:6      | Reached skill level 5 in Evocations
  8592 | D:7      | Reached skill level 5 in Dodging
  8615 | D:7      | Reached skill level 1 in Transmutations
  8656 | D:7      | Reached XP level 9. HP: 45/45 MP: 12/17
  9106 | D:7      | Reached skill level 2 in Transmutations
  9116 | D:7      | Reached ** piety under Sif Muna
  9388 | D:7      | Reached skill level 3 in Transmutations
  9913 | D:7      | Reached skill level 4 in Transmutations
 10532 | D:7      | Reached skill level 5 in Transmutations
 10532 | D:7      | Reached skill level 1 in Fire Magic
 10739 | D:8      | Reached skill level 1 in Fighting
 11019 | D:8      | Found Leegouh's Jewellery Boutique.
 11121 | D:8      | Reached *** piety under Sif Muna
 11189 | D:8      | Reached skill level 5 in Invocations
 11259 | D:8      | Found a staircase to the Lair.
 11580 | D:8      | Reached XP level 10. HP: 53/53 MP: 18/18
 11736 | D:9      | Reached skill level 6 in Transmutations
 12891 | D:9      | Noticed a rakshasa
 12916 | D:9      | Noticed a wizard
 12917 | D:9      | Found a transporter.
 12962 | D:9      | Found a transporter.
 13251 | D:9      | Reached skill level 7 in Transmutations
 13401 | D:9      | Noticed canine's ghost (novice PaMo)
 13732 | D:9      | Found an ornate altar of the Wu Jian Council.
 13883 | D:9      | Learned a level 4 spell: Fulminant Prism
 13915 | D:10     | Entered Level 10 of the Dungeon
 14691 | D:10     | Found Maotoeff's Antique Armour Shop.
 14778 | D:10     | Reached **** piety under Sif Muna
 14869 | D:10     | Found Acsest's Gadget Emporium.
 14919 | D:10     | Noticed a two-headed ogre
 14983 | D:10     | Killed a two-headed ogre
 14984 | D:10     | Reached skill level 5 in Fighting
 15523 | D:10     | Noticed a kobold demonologist
 15531 | D:10     | Killed a kobold demonologist
 15532 | D:10     | Reached XP level 11. HP: 59/63 MP: 15/19
 15547 | D:10     | Reached ***** piety under Sif Muna
 15787 | D:10     | Found an ancient bone altar of Kikubaaqudgha.
 16341 | D:10     | Found a runed translucent door.
 16438 | D:10     | Noticed a sphinx
 16661 | D:10     | Reached skill level 8 in Transmutations
 17013 | D:10     | Received a gift from Sif Muna
 17018 | D:10     | Learned a level 2 spell: Wereblood
 17583 | Lair:1   | Entered Level 1 of the Lair of Beasts
 17929 | Lair:1   | Reached skill level 9 in Transmutations
 17929 | Lair:1   | Reached skill level 1 in Hexes
 18528 | Lair:1   | Found a hazy altar of Hepliaklqana.
 19460 | Lair:2   | Learned a level 5 spell: Blade Hands
 19468 | Lair:2   | Reached XP level 12. HP: 60/68 MP: 19/20
 19878 | Lair:2   | Found a staircase to the Snake Pit.
 20231 | Lair:2   | Noticed a boulder beetle
 20728 | Lair:2   | Killed a boulder beetle
 20914 | Lair:3   | Reached skill level 10 in Transmutations
 21082 | Lair:3   | Noticed an eight-headed hydra
 21140 | Lair:3   | Slain by an eight-headed hydra

Illustrated notes

Levels and vault maps discovered:
D:1:      minmay_arrival_cross, layout_loops_corners
D:2:      layout_loops_corners, marbit_many_paths
D:3:      minmay_angry_zag, layout_basic, lemuel_tele_altar
D:4:      layout_loops_ring, nicolae_overflow_crystal_walls,
          lemuel_crystal_altar, lemuel_temple_firewalk_b, kennysheep_nub,
          uniq_ijyb, uniq_crazy_yiuf_cottage
D:5:      layout_basic, minitemple, xom_confusion_cloud
D:6:      layout_rooms
D:7:      layout_basic, chequers_serial_rivers_small_3
D:8:      layout_basic, erik_lair_orcish_takeover, serial_shops, shop,
          enter_bailey_4
D:9:      layout_irregular_city, lemuel_coloured_pillars_altar,
          gammafunk_ghost_abyssal_escape, kennysheep_boxes
D:10:     wander_kiku_kobolds, layout_irregular_city, serial_shops,
          nicolae_shop_crystal, kennysheep_little_box, serial_ice, serial_ice_a,
          serial_ice_k, serial_ice_h, serial_ice_e, minivault_13
Temple:   eino_temple_rhombus
Lair:1:   layout_hall_layers, special_room [special_room_bee], basic_altar,
          lemuel_fruit_fields, lemuel_fruit_tree
Lair:2:   layout_cave_pods, minmay_snake_entry_guardpost_small
Lair:3:   layout_chaotic_city, swamp_mist_pool, basic_altar, st_stairs_13,
          pf_torpor_hydra, serial_bayou_shore_b, serial_bayou_shore_b

Skill      XL: |  1  2  3  4  5  6  7  8  9 10 11 12 |
---------------+-------------------------------------+-----
Conjurations   | 6 7 8 |  8.7
Spellcasting   | 3 4 5 |  5.1
Evocations     | 3 4 5 |  5.0
Invocations    | 1 4 5 7 8 |  8.0
Dodging        | 3 5 7 |  7.0
Transmutations | 1 5 7 9 10 | 10.0
Fire Magic     | 2 3 |  3.8
Fighting       | 2 5 |  5.0
Hexes          | 2 |  2.5
Stealth        | |  2.0

Action                   |  1- 3 |  4- 6 |  7- 9 | 10-12 || total
-------------------------+-------+-------+-------+-------++-------
Melee: Unarmed           |     9 |    12 |       |       ||    21
       Peck              |     3 |       |       |     7 ||    10
       Kick              |     2 |       |       |     7 ||     9
       Rapier            |       |       |     1 |    28 ||    29
 Cast: Magic Dart        |    56 |   116 |   261 |   423 ||   856
       Searing Ray       |       |    11 |    54 |   104 ||   169
       Fulminant Prism   |       |       |       |     9 ||     9
Invok: Channel Magic     |       |       |       |     1 ||     1
 Abil: Fly               |       |     1 |       |       ||     1
Evoke: Wand              |       |       |       |    10 ||    10
  Use: Scroll            |       |     4 |    20 |     1 ||    25
       Potion            |       |     1 |     1 |     1 ||     3
 Stab: Confused          |       |     4 |       |       ||     4
Armor: Robe              |     1 |     5 |    23 |    33 ||    62
       Skin              |       |     2 |       |       ||     2
       Troll leather arm |       |       |       |    37 ||    37
Dodge: Dodged            |     9 |    14 |    92 |   308 ||   423

Table legend: (Time is in decaauts)
 A = Elapsed time spent in this place.
 B = Non-inter-level travel time spent in this place.
 C = Inter-level travel time spent in this place.
 D = Time resting spent in this place.
 E = Time spent auto-exploring this place.
 F = Levels seen in this place.
 G = Mean time per level.
                   A        B        C        D        E       F      G
               +--------+--------+--------+--------+--------+-----+--------+
         Total |  20386 |  19662 |    724 |   1482 |  15463 |  14 | 1456.1 |
       Dungeon |  17029 |  16364 |    665 |   1383 |  12751 |  10 | 1702.9 |
        Temple |    206 |    189 |     17 |      0 |    186 |   1 |  206.0 |
          Lair |   3150 |   3109 |     41 |     99 |   2526 |   3 | 1050.0 |
               +--------+--------+--------+--------+--------+-----+--------+

Top non-repeatable levels by time:
    D:10: 2996 daAuts
     D:9: 2556 daAuts
     D:7: 2005 daAuts
     D:4: 1697 daAuts
     D:2: 1650 daAuts
  Lair:1: 1519 daAuts
     D:8: 1516 daAuts
     D:1: 1470 daAuts
  Lair:2: 1398 daAuts
     D:5: 1330 daAuts
     D:6: 910 daAuts
     D:3: 896 daAuts
  Lair:3: 232 daAuts
  Temple: 206 daAuts
